| TOP OF THE 1ST |
|
Rocky Mount Leafs batting - Pitching for Burlington Senators : RHP Thomas Bloemke
|
|
Pitching: RHP Thomas Bloemke
|
|
|
Batting: RHB Tom Lawless
|
0-0: Swinging Strike 0-1: Ball 1-1: Bunt missed! 1-2: Ball 2-2: Ball 3-2: Foul Ball, location: 2F 3-2: Base on Balls
|
|
Batting: RHB Theodore Smith
|
0-0: Ball 1-0: Ball 2-0: Fly out, F8 (Flyball, 89M, EV 80.0 MPH)
|
|
Batting: RHB Kevin McGann
|
0-0: Called Strike 0-1: Ball 1-1: Fly out, F7 (Flyball, 7LD, EV 81.9 MPH)
|
|
Batting: RHB Glen Bockhorn
|
0-0: Ball 1-0: Foul Ball, location: 2F 1-1: Swinging Strike 1-2: Ball 2-2: Ball 3-2: Fly out, F8 (Flyball, 8RD, EV 106.3 MPH)
|
| Top of the 1st over - 0 runs, 0 hits, 0 errors, 1 left on base; Rocky Mount 0 - Burlington 0 |
| BOTTOM OF THE 1ST |
|
Burlington Senators batting - Pitching for Rocky Mount Leafs : RHP Vic Irizarry
|
|
Pitching: RHP Vic Irizarry
|
|
|
Batting: LHB Daniel Spain
|
0-0: Ball 1-0: Ball 2-0: Foul Ball, location: 2F 2-1: Ball 3-1: Base on Balls
|
|
Batting: RHB Richard Hertel
|
0-0: Called Strike 0-1: Swinging Strike 0-2: Ball 1-2: Ball 2-2: Ball 3-2: Strikes out swinging
|
|
Batting: RHB Rick Schu
|
0-0: Called Strike Daniel Spain steals 2nd base 0-1: Ground out 6-3 (Groundball, P, EV 85.6 MPH) Daniel Spain to third
|
|
Batting: LHB John Skorochocki
|
0-0: Ball 1-0: Called Strike 1-1: Ball 2-1: Called Strike 2-2: SINGLE (Groundball, 6D, EV 103.8 MPH) Daniel Spain scores
|
|
Batting: RHB Joseph Lorenz
|
0-0: Ball 1-0: Called Strike 1-1: Ball 2-1: Foul Ball, location: 2F 2-2: Strikes out looking
|
| Bottom of the 1st over - 1 run, 1 hit, 0 errors, 1 left on base; Rocky Mount 0 - Burlington 1 |
| TOP OF THE 2ND |
|
Rocky Mount Leafs batting - Pitching for Burlington Senators : RHP Thomas Bloemke
|
|
Batting: SHB Keith Spreckels
|
0-0: Foul Ball, location: 2F 0-1: Fly out, F8 (Line Drive, 8LD, EV 102.5 MPH)
|
|
Batting: RHB Blane McDonald
|
0-0: Ball 1-0: Called Strike 1-1: Ball 2-1: Ground out 5-3 (Groundball, 5L, EV 91.9 MPH)
|
|
Batting: RHB Sergio Loya
|
0-0: Ball 1-0: Called Strike 1-1: Ball 2-1: Foul Ball, location: 2F 2-2: DOUBLE (Line Drive, 7LM, EV 111.9 MPH)
|
|
Batting: RHB Julio Beltran
|
0-0: Called Strike 0-1: Ball 1-1: Ball 2-1: Ball 3-1: Ground out 5-3 (Groundball, 56, EV 87.5 MPH)
|
| Top of the 2nd over - 0 runs, 1 hit, 0 errors, 1 left on base; Rocky Mount 0 - Burlington 1 |
| BOTTOM OF THE 2ND |
|
Burlington Senators batting - Pitching for Rocky Mount Leafs : RHP Vic Irizarry
|
|
Batting: LHB Jesus Sandoval
|
0-0: Called Strike 0-1: Foul Ball, location: 2F 0-2: Foul Ball, location: 2F 0-2: Ball 1-2: Fly out, F8 (Flyball, 8LD, EV 103.1 MPH)
|
|
Batting: RHB Glenn Millhauser
|
0-0: Called Strike 0-1: Ball 1-1: Ball 2-1: SINGLE (Groundball, 56D, EV 105.0 MPH)
|
|
Batting: RHB Ronnie Mears
|
0-0: Called Strike 0-1: Grounds into double play, 4-6-3 (Groundball, 4, EV 98.8 MPH)
|
| Bottom of the 2nd over - 0 runs, 1 hit, 0 errors, 0 left on base; Rocky Mount 0 - Burlington 1 |
| TOP OF THE 3RD |
|
Rocky Mount Leafs batting - Pitching for Burlington Senators : RHP Thomas Bloemke
|
|
Batting: RHB Nario Campione
|
0-0: Called Strike 0-1: Ball 1-1: Ball 2-1: Ground out 4-3 (Groundball, 4, EV 83.1 MPH)
|
|
Batting: RHB Tom Lawless
|
0-0: SINGLE (Line Drive, 78M, EV 94.4 MPH)
|
|
Batting: RHB Theodore Smith
|
0-0: Ball 1-0: Ball 2-0: Foul Ball, location: 2F 2-1: SINGLE (Line Drive, 56, EV 107.5 MPH) Tom Lawless to second
|
|
Batting: RHB Kevin McGann
|
0-0: Called Strike 0-1: Ball 1-1: Fly out, F7 (Flyball, 7LD, EV 100.6 MPH) Runner from 2nd tags up, SAFE at 3rd, no throw by LF
|
|
Batting: RHB Glen Bockhorn
|
0-0: Called Strike 0-1: Ball 1-1: Ball 2-1: DOUBLE (Line Drive, 7LM, EV 107.5 MPH) Tom Lawless scores Theodore Smith to third
|
|
Batting: SHB Keith Spreckels
|
0-0: Called Strike 0-1: DOUBLE (Flyball, 89XD, EV 105.6 MPH) Theodore Smith scores Glen Bockhorn scores
|
|
Batting: RHB Blane McDonald
|
0-0: Ball 1-0: Ball 2-0: Called Strike 2-1: Ball 3-1: Base on Balls
|
|
Batting: RHB Sergio Loya
|
0-0: Ball 1-0: Swinging Strike 1-1: Ground out 4-3 (Groundball, 4, EV 87.5 MPH)
|
| Top of the 3rd over - 3 runs, 4 hits, 0 errors, 2 left on base; Rocky Mount 3 - Burlington 1 |
| BOTTOM OF THE 3RD |
|
Burlington Senators batting - Pitching for Rocky Mount Leafs : RHP Vic Irizarry
|
|
Batting: RHB Brad Bauman
|
0-0: Ball 1-0: Ball 2-0: Ball 3-0: Base on Balls
|
|
Batting: LHB Daniel Spain
|
0-0: Called Strike 0-1: Ball 1-1: Ball 2-1: Fly out, F7 (Flyball, 7, EV 87.5 MPH)
|
|
Batting: RHB Richard Hertel
|
0-0: Called Strike 0-1: Foul Ball, location: 2F 0-2: Foul Ball, location: 2F 0-2: Ball 1-2: Ball 2-2: Foul Ball, location: 2F 2-2: Fly out, F9 (Flyball, 89D, EV 76.9 MPH)
|
|
Batting: RHB Rick Schu
|
0-0: Called Strike 0-1: Fly out, F7 (Flyball, 78M, EV 79.4 MPH)
|
| Bottom of the 3rd over - 0 runs, 0 hits, 0 errors, 1 left on base; Rocky Mount 3 - Burlington 1 |
| TOP OF THE 4TH |
|
Rocky Mount Leafs batting - Pitching for Burlington Senators : RHP Thomas Bloemke
|
|
Batting: RHB Julio Beltran
|
0-0: Fly out, F6 (Popup, 6MS, EV 80.6 MPH)
|
|
Batting: RHB Nario Campione
|
0-0: Called Strike 0-1: Foul Ball, location: 2F 0-2: Ball 1-2: Fly out, F7 (Flyball, 7LS, EV 78.1 MPH)
|
|
Batting: RHB Tom Lawless
|
0-0: Called Strike 0-1: Called Strike 0-2: Ball 1-2: Foul Ball, location: 2F 1-2: SOLO HOME RUN (Line Drive, 7D, EV 103.8 MPH), Distance : 366 ft
|
|
Batting: RHB Theodore Smith
|
0-0: Fly out, F8 (Flyball, 8RD, EV 105.0 MPH)
|
| Top of the 4th over - 1 run, 1 hit, 0 errors, 0 left on base; Rocky Mount 4 - Burlington 1 |
| BOTTOM OF THE 4TH |
|
Burlington Senators batting - Pitching for Rocky Mount Leafs : RHP Vic Irizarry
|
|
Batting: LHB John Skorochocki
|
0-0: Called Strike 0-1: Ball 1-1: Swinging Strike 1-2: Foul Ball, location: 2F 1-2: Ball 2-2: Reached on error, E6 (Groundball, 56D, EV 103.8 MPH)
|
|
Batting: RHB Joseph Lorenz
|
0-0: Ball 1-0: Called Strike 1-1: Fly out, F8 (Flyball, 8LXD, EV 95.6 MPH)
|
|
Batting: LHB Jesus Sandoval
|
0-0: DOUBLE (Line Drive, 78D, EV 99.4 MPH) John Skorochocki to third Runner from 3rd tries for Home, SAFE, throw by LF to trailing runner, SAFE at third!
|
|
Batting: RHB Glenn Millhauser
|
0-0: Ball 1-0: Ball 2-0: Ground out 6-3 (Groundball, 6, EV 80.0 MPH) Jesus Sandoval scores
|
|
Batting: RHB Ronnie Mears
|
0-0: Foul Ball, location: 2F 0-1: Swinging Strike 0-2: Ball 1-2: Fly out, F7 (Flyball, 78M, EV 83.1 MPH)
|
| Bottom of the 4th over - 2 runs, 1 hit, 1 error, 0 left on base; Rocky Mount 4 - Burlington 3 |
| TOP OF THE 5TH |
|
Rocky Mount Leafs batting - Pitching for Burlington Senators : RHP Thomas Bloemke
|
|
Batting: RHB Kevin McGann
|
0-0: Called Strike 0-1: Foul Ball, location: 2F 0-2: Ball 1-2: Ball 2-2: SINGLE (Groundball, 6MS, EV 77.5 MPH) (infield hit)
|
|
Batting: RHB Glen Bockhorn
|
0-0: Foul Ball, location: 2F 0-1: Ball 1-1: Grounds into double play, 5-4-3 (Groundball, 56, EV 81.3 MPH)
|
|
Batting: SHB Keith Spreckels
|
0-0: Ball 1-0: Called Strike 1-1: Ball 2-1: Ball 3-1: Foul Ball, location: 2F 3-2: Foul Ball, location: 2F 3-2: Reached on error, E2 (Groundball, 15S, EV 68.8 MPH)
|
|
Batting: RHB Blane McDonald
|
0-0: Ground out 4-3 (Groundball, 4, EV 88.8 MPH)
|
| Top of the 5th over - 0 runs, 1 hit, 1 error, 1 left on base; Rocky Mount 4 - Burlington 3 |
| BOTTOM OF THE 5TH |
|
Burlington Senators batting - Pitching for Rocky Mount Leafs : RHP Vic Irizarry
|
|
Batting: RHB Brad Bauman
|
0-0: Fly out, F8 (Flyball, 8LD, EV 98.1 MPH)
|
|
Batting: LHB Daniel Spain
|
0-0: Ground out U3 (Groundball, 3, EV 101.9 MPH)
|
|
Batting: RHB Richard Hertel
|
0-0: Ball 1-0: Ball 2-0: Called Strike 2-1: Swinging Strike 2-2: Strikes out swinging
|
| Bottom of the 5th over - 0 runs, 0 hits, 0 errors, 0 left on base; Rocky Mount 4 - Burlington 3 |
| TOP OF THE 6TH |
|
Rocky Mount Leafs batting - Pitching for Burlington Senators : RHP Thomas Bloemke
|
|
Batting: RHB Sergio Loya
|
0-0: Ball 1-0: Ground out 1-3 (Groundball, 34S, EV 76.3 MPH)
|
|
Batting: RHB Julio Beltran
|
0-0: Ball 1-0: Ball 2-0: Called Strike 2-1: Ball 3-1: Foul Ball, location: 2F 3-2: Fly out, F4 (Popup, 34D, EV 56.3 MPH)
|
|
Batting: RHB Nario Campione
|
0-0: Ball 1-0: Ball 2-0: Foul Ball, location: 2F 2-1: Ground out 4-3 (Groundball, 4S, EV 87.5 MPH)
|
| Top of the 6th over - 0 runs, 0 hits, 0 errors, 0 left on base; Rocky Mount 4 - Burlington 3 |
| BOTTOM OF THE 6TH |
|
Burlington Senators batting - Pitching for Rocky Mount Leafs : RHP Vic Irizarry
|
|
Batting: RHB Rick Schu
|
0-0: Ball 1-0: Ball 2-0: Called Strike 2-1: Foul Ball, location: 2F 2-2: Foul Ball, location: 2F 2-2: Fly out, F6 (Line Drive, 6, EV 73.8 MPH)
|
|
Batting: LHB John Skorochocki
|
0-0: Foul Ball, location: 2F 0-1: Ground out 4-3 (Groundball, 34, EV 89.4 MPH)
|
|
Batting: RHB Joseph Lorenz
|
0-0: Foul Ball, location: 2F 0-1: Foul Ball, location: 2F 0-2: Ball 1-2: Ground out 4-3 (Groundball, 4, EV 106.3 MPH)
|
| Bottom of the 6th over - 0 runs, 0 hits, 0 errors, 0 left on base; Rocky Mount 4 - Burlington 3 |
| TOP OF THE 7TH |
|
Rocky Mount Leafs batting - Pitching for Burlington Senators : RHP Thomas Bloemke
|
|
Batting: RHB Tom Lawless
|
0-0: DOUBLE (Line Drive, 89D, EV 109.4 MPH)
|
|
Batting: RHB Theodore Smith
|
0-0: Called Strike 0-1: Ball Passed Ball! Tom Lawless to third 1-1: Ball 2-1: Foul Ball, location: 2F 2-2: Ball 3-2: Fly out, F9 (Flyball, 89XD, EV 96.9 MPH) Runner from 3rd tags up, SCORES, no throw by RF
|
|
Batting: RHB Kevin McGann
|
0-0: Ball 1-0: Ball 2-0: Called Strike 2-1: Foul Ball, location: 2F 2-2: Reached on error, E9 (Flyball, 9, EV 85.0 MPH)
|
|
Batting: RHB Glen Bockhorn
|
0-0: Ball 1-0: Grounds into double play, 5-4-3 (Groundball, 5, EV 77.5 MPH)
|
| Top of the 7th over - 1 run, 1 hit, 1 error, 0 left on base; Rocky Mount 5 - Burlington 3 |
| BOTTOM OF THE 7TH |
|
Burlington Senators batting - Pitching for Rocky Mount Leafs : RHP Vic Irizarry
|
|
Batting: LHB Jesus Sandoval
|
0-0: Ball 1-0: Fly out, F8 (Flyball, 8LD, EV 101.3 MPH)
|
|
Batting: RHB Glenn Millhauser
|
0-0: Called Strike 0-1: Swinging Strike 0-2: Foul Ball, location: 2F 0-2: Foul Ball, location: 2F 0-2: Ground out 6-3 (Groundball, 6, EV 83.1 MPH)
|
|
Batting: RHB Ronnie Mears
|
0-0: Called Strike 0-1: Ball 1-1: Called Strike 1-2: Ball 2-2: SINGLE (Groundball, 34D, EV 99.4 MPH)
|
|
Pitching: RHP Nicolas Decena
|
|
|
Batting: RHB Brad Bauman
|
0-0: Ball 1-0: Swinging Strike 1-1: Foul Ball, location: 2F 1-2: Fly out, F8 (Flyball, 8LD, EV 83.8 MPH)
|
| Bottom of the 7th over - 0 runs, 1 hit, 0 errors, 1 left on base; Rocky Mount 5 - Burlington 3 |
| TOP OF THE 8TH |
|
Rocky Mount Leafs batting - Pitching for Burlington Senators : RHP Thomas Bloemke
|
|
Batting: SHB Keith Spreckels
|
0-0: Swinging Strike 0-1: Swinging Strike 0-2: Fly out, F7 (Flyball, 78S, EV 86.3 MPH)
|
|
Batting: RHB Blane McDonald
|
0-0: Called Strike 0-1: Ball 1-1: DOUBLE (Flyball, 8LXD, EV 108.1 MPH)
|
|
Batting: RHB Sergio Loya
|
0-0: Foul Ball, location: 2F 0-1: Foul Ball, location: 2F 0-2: Strikes out swinging
|
|
Batting: RHB Julio Beltran
|
0-0: Called Strike 0-1: Fly out, F6 (Line Drive, 6, EV 71.9 MPH)
|
| Top of the 8th over - 0 runs, 1 hit, 0 errors, 1 left on base; Rocky Mount 5 - Burlington 3 |
| BOTTOM OF THE 8TH |
|
Burlington Senators batting - Pitching for Rocky Mount Leafs : RHP Nicolas Decena
|
|
Batting: LHB Daniel Spain
|
0-0: Ground out 4-3 (Groundball, 4S, EV 93.8 MPH)
|
|
Batting: RHB Richard Hertel
|
0-0: Ball 1-0: Ground out 5-3 (Groundball, 56, EV 86.3 MPH)
|
|
Batting: RHB Rick Schu
|
0-0: Ball 1-0: SINGLE (Flyball, 34D, EV 94.4 MPH)
|
|
Batting: LHB John Skorochocki
|
0-0: Ground out 1-3 (Groundball, 15S, EV 70.0 MPH)
|
| Bottom of the 8th over - 0 runs, 1 hit, 0 errors, 1 left on base; Rocky Mount 5 - Burlington 3 |
| TOP OF THE 9TH |
|
Rocky Mount Leafs batting - Pitching for Burlington Senators : RHP Thomas Bloemke
|
|
Pitching: RHP Paul Boris
|
|
|
Batting: RHB Nario Campione
|
0-0: Swinging Strike 0-1: Swinging Strike 0-2: Ball 1-2: Fly out, F2 (Popup, 2LF, EV 88.8 MPH)
|
|
Batting: RHB Tom Lawless
|
0-0: Called Strike 0-1: Ground out 4-3 (Groundball, 4, EV 80.6 MPH)
|
|
Batting: RHB Theodore Smith
|
0-0: Ball 1-0: Foul Ball, location: 2F 1-1: Ball 2-1: Fly out, F2 (Popup, 2LF, EV 91.9 MPH)
|
| Top of the 9th over - 0 runs, 0 hits, 0 errors, 0 left on base; Rocky Mount 5 - Burlington 3 |
| BOTTOM OF THE 9TH |
|
Burlington Senators batting - Pitching for Rocky Mount Leafs : RHP Nicolas Decena
|
|
Pitching: RHP Edgar Cruz
|
|
|
Batting: RHB Joseph Lorenz
|
0-0: Ball 1-0: Ball 2-0: Called Strike 2-1: Called Strike 2-2: Ball 3-2: Strikes out swinging, 2-3 out at first.
|
|
Batting: LHB Jesus Sandoval
|
0-0: Ball 1-0: Swinging Strike 1-1: Ball 2-1: Called Strike 2-2: Foul Ball, location: 2F 2-2: Ball 3-2: Foul Ball, location: 2F 3-2: Strikes out looking
|
|
Batting: RHB Glenn Millhauser
|
0-0: Ball 1-0: Ball 2-0: Foul Ball, location: 2F 2-1: Called Strike 2-2: Foul Ball, location: 2F 2-2: Strikes out looking
|
| Bottom of the 9th over - 0 runs, 0 hits, 0 errors, 0 left on base; Rocky Mount 5 - Burlington 3 |
|